[Event "DVM U20 2019"]
[Site "Braunschweig"]
[Date "2019.12.28"]
[Round "4"]
[White "Engel, Robert"]
[Black "Oberhofer, Cedric"]
[Result "1/2-1/2"]
[ECO "B91"]
[WhiteElo "2075"]
[BlackElo "2260"]
[Annotator "NA"]
[PlyCount "79"]
[EventDate "2019.12.27"]
[EventType "team-tourn"]
[EventRounds "7"]
[EventCountry "GER"]
[SourceTitle "playchess.com"]
[Source "ChessBase"]
[SourceQuality "1"]
[WhiteTeam "Hamburger SK"]
[BlackTeam "SC Bavaria Regensburg"]
[TimeControl "40/5400+30:1800+30"]

1. e4 c5 2. Nf3 d6 3. d4 cxd4 4. Nxd4 Nf6 5. Nc3 a6 6. g3 g6 7. Bg2 Bg7 8. O-O O-O 9. h3 Nc6 10. Be3 Bd7 11. Nde2 b5 12. Nd5 Rb8 13. Rc1 b4 14. b3 a5 15. c4 bxc3 16. Nexc3 Nb4 17. Qd2 Nbxd5 18. exd5 a4 19. Nxa4 Bxa4 20. bxa4 Nd7 21. Rc4 Ne5 22. Rb4 Rc8 23. Bb6 Nc4 24. Rxc4 Qxb6 25. Rc6 Qa7 26. Rfc1 Rb8 27. R6c4 Bf6 28. R1c2 Kg7 29. a5 Rb1+ 30. Kh2 Ra8 31. Ra4 Qa6 32. Qe2 Qxe2 33. Rxe2 Rb5 34. a6 Rb6 35. Be4 Rbxa6 36. Rxa6 Rxa6 37. Bd3 Ra4 38. Rc2 Ra3 39. Bc4 Bd4 {[%emt 0:00:44] normal} 40. Bb3 1/2-1/2

[Event "DVM U20 2019"]
[Site "Braunschweig"]
[Date "2019.12.28"]
[Round "4"]
[White "Dechant, Georg"]
[Black "Meyling, Lennart"]
[Result "0-1"]
[ECO "B06"]
[WhiteElo "2065"]
[BlackElo "1955"]
[Annotator "NA"]
[PlyCount "78"]
[EventDate "2019.12.27"]
[EventType "team-tourn"]
[EventRounds "7"]
[EventCountry "GER"]
[SourceTitle "playchess.com"]
[Source "ChessBase"]
[SourceQuality "1"]
[WhiteTeam "SC Bavaria Regensburg"]
[BlackTeam "Hamburger SK"]
[TimeControl "40/5400+30:1800+30"]

1. e4 g6 2. d4 Bg7 3. Nc3 d6 4. Be3 a6 5. Qd2 b5 6. O-O-O Bb7 7. f3 Nd7 8. a3 Rc8 9. g4 h5 10. g5 c5 11. Kb1 c4 12. Bh3 e6 13. Nge2 Rb8 14. Nf4 Nf8 15. d5 e5 16. Nfe2 Bc8 17. Bxc8 Qxc8 18. Na2 Nd7 19. Qa5 Ne7 20. f4 exf4 21. Bxf4 Ne5 22. Nb4 O-O 23. Qxa6 Qc7 24. Nd4 Ra8 25. Nxb5 Qd7 26. Qxd6 Qxb5 27. Bxe5 Rfd8 28. Qc7 Rd7 29. Qxd7 Qxd7 30. Bxg7 Kxg7 31. Rhf1 c3 32. Rd3 cxb2 33. Rf6 Qg4 34. d6 Qxg5 35. Rf1 Nc8 36. d7 Nb6 37. Nc6 Qg2 38. Rfd1 Nxd7 39. Rxd7 Qxe4 {[%emt 0:00:42] normal} 0-1

[Event "DVM U20 2019"]
[Site "Braunschweig"]
[Date "2019.12.28"]
[Round "4"]
[White "Reimer, Philip"]
[Black "Garbuz, Vitaliy"]
[Result "0-1"]
[ECO "C52"]
[WhiteElo "2065"]
[BlackElo "2064"]
[Annotator "NA"]
[PlyCount "80"]
[EventDate "2019.12.27"]
[EventType "team-tourn"]
[EventRounds "7"]
[EventCountry "GER"]
[SourceTitle "playchess.com"]
[Source "ChessBase"]
[SourceQuality "1"]
[WhiteTeam "SK Lehrte 1919"]
[BlackTeam "SF Brackel"]
[TimeControl "40/5400+30:1800+30"]

1. e4 e5 2. Nf3 Nc6 3. Bc4 Bc5 4. b4 Bxb4 5. c3 Ba5 6. d4 d6 7. O-O Bb6 8. Ba3 Bg4 9. Qb3 Nh6 10. Nbd2 exd4 11. e5 dxc3 12. Qxc3 O-O 13. exd6 cxd6 14. h3 Ba5 15. Qb2 Bxf3 16. Nxf3 Qb6 17. Qxb6 Bxb6 18. Bxd6 Rfd8 19. Bf4 Nf5 20. Rad1 h6 21. g4 Nfd4 22. Nxd4 Nxd4 23. Kg2 Rac8 24. Bd3 Ne6 25. Bg3 Bc7 26. Bf5 Bxg3 27. Rxd8+ Rxd8 28. Bxe6 fxe6 29. Kxg3 Rd2 30. Rb1 b6 31. a4 Rd3+ 32. Kg2 Ra3 33. Rb4 Kf8 34. Rc4 Ke8 35. Rf4 a5 36. Rc4 Kd7 37. Rf4 Kc6 38. Rf7 Rxa4 39. Rxg7 {[%emt 0:00:02] normal} b5 {[%emt 0:02:18] normal} 40. h4 b4 {[%emt 0:00:28] normal} 0-1

[Event "DVM U20 2019"]
[Site "Braunschweig"]
[Date "2019.12.28"]
[Round "4"]
[White "Geltz, Noah"]
[Black "Koll, Lukas"]
[Result "1/2-1/2"]
[ECO "A06"]
[WhiteElo "2054"]
[BlackElo "2093"]
[Annotator "NA"]
[PlyCount "82"]
[EventDate "2019.12.27"]
[EventType "team-tourn"]
[EventRounds "7"]
[EventCountry "GER"]
[SourceTitle "playchess.com"]
[Source "ChessBase"]
[SourceQuality "1"]
[WhiteTeam "SF HN-Biberach"]
[BlackTeam "Karlsruher SF"]
[TimeControl "40/5400+30:1800+30"]

1. Nf3 d5 2. c4 e6 3. cxd5 exd5 4. g3 Nf6 5. Bg2 c5 6. d4 Nc6 7. Nc3 Be6 8. O-O Be7 9. b3 O-O 10. Bb2 Qd7 11. dxc5 Bxc5 12. Rc1 Be7 13. Qd2 Ne4 14. Qd3 Bf5 15. Nxe4 dxe4 16. Qxd7 Bxd7 17. Nd2 f5 18. Nc4 Rfd8 19. g4 fxg4 20. Bxe4 Be6 21. Rfd1 Rxd1+ 22. Rxd1 Rd8 23. Rxd8+ Bxd8 24. Nd6 Nb4 25. a3 Nd5 26. Nxb7 Bb6 27. b4 Nf4 28. e3 Nh3+ 29. Kg2 h5 30. Nc5 Bc8 31. Bd4 Ng5 32. Bd5+ Kh7 33. Ne4 Bxd4 34. Nxg5+ Kg6 35. exd4 Kxg5 36. b5 Kf6 37. f4 h4 38. a4 Ke7 39. Bc6 Kd6 40. d5 Bf5 41. Kf2 Be4 {[%emt 0:30:50] normal} 1/2-1/2

[Event "DVM U20 2019"]
[Site "Braunschweig"]
[Date "2019.12.28"]
[Round "4"]
[White "Martin III, Richard"]
[Black "Ortner, Jonas Ruben"]
[Result "1-0"]
[ECO "B22"]
[WhiteElo "2043"]
[BlackElo "1718"]
[Annotator "NA"]
[PlyCount "52"]
[EventDate "2019.12.27"]
[EventType "team-tourn"]
[EventRounds "7"]
[EventCountry "GER"]
[SourceTitle "playchess.com"]
[Source "ChessBase"]
[SourceQuality "1"]
[WhiteTeam "OSG Baden-Baden"]
[BlackTeam "SK Bebenhausen"]
[TimeControl "40/5400+30:1800+30"]

1. e4 c5 2. c3 Nf6 3. e5 Nd5 4. d4 cxd4 5. cxd4 d6 6. Nf3 e6 7. Bc4 Nc6 8. O-O Be7 9. Qe2 O-O 10. Qe4 Bd7 11. Qg4 f5 12. exf6 Rxf6 13. Nc3 Nxc3 14. bxc3 d5 15. Bb3 Na5 16. Bc2 Qc7 17. Bg5 Rxf3 18. gxf3 Bxg5 19. Qxg5 Qxc3 20. Rac1 Qxf3 21. Qh4 g6 22. Bd1 Qf7 23. Rc7 Rf8 24. Ba4 Nc6 25. Rxb7 Nb8 26. Rfb1 g5 {[%emt 0:03:20] normal} 1-0

[Event "DVM U20 2019"]
[Site "Braunschweig"]
[Date "2019.12.28"]
[Round "4"]
[White "Verfuerth, Kevin"]
[Black "Hennemann, Florian"]
[Result "1/2-1/2"]
[ECO "A15"]
[WhiteElo "2038"]
[BlackElo "1865"]
[Annotator "NA"]
[PlyCount "107"]
[EventDate "2019.12.27"]
[EventType "team-tourn"]
[EventRounds "7"]
[EventCountry "GER"]
[SourceTitle "playchess.com"]
[Source "ChessBase"]
[SourceQuality "1"]
[WhiteTeam "SK Turm Kleve"]
[BlackTeam "Sges Bensheim"]
[TimeControl "40/5400+30:1800+30"]

1. c4 Nf6 2. g3 g6 3. Bg2 Bg7 4. Nc3 c6 5. e4 d6 6. Nge2 O-O 7. O-O e5 8. d4 Nbd7 9. h3 Qe7 10. Be3 a5 11. Kh2 Nh5 12. g4 Nhf6 13. f4 exd4 14. Bxd4 Ne8 15. Ng3 Nc5 16. Bxg7 Kxg7 17. Qd4+ Kg8 18. f5 Qe5 19. Rad1 f6 20. Qd2 g5 21. Nce2 Rf7 22. Nd4 Ra7 23. Nf3 Qe7 24. Rde1 b6 25. Rh1 h6 26. Nd4 Rc7 27. Bf3 Nd7 28. Kg2 Ne5 29. b3 Bb7 30. h4 Rd7 31. hxg5 hxg5 32. Rh6 Rh7 33. Rxh7 Kxh7 34. Rh1+ Kg8 35. Kf1 d5 36. Qh2 Qh7 37. Qxh7+ Rxh7 38. Rxh7 Kxh7 39. cxd5 cxd5 40. exd5 Nxf3 41. Nxf3 Bxd5 42. Ke2 Kg8 43. Nf1 a4 44. bxa4 Bc4+ 45. Kf2 Bxa2 46. N1d2 Kf7 47. Ke3 Ke7 48. Kd4 Kd6 49. Ne4+ Kc6 50. Nc3 Bb3 51. Nd2 Bc2 52. Nde4 Bb3 53. Nd2 Bc2 54. Nc4 {[%emt 0:00:00] normal} 1/2-1/2

[Event "DVM U20 2019"]
[Site "Braunschweig"]
[Date "2019.12.28"]
[Round "4"]
[White "Elier, Ali"]
[Black "Dornieden, Jonas"]
[Result "1-0"]
[ECO "B18"]
[WhiteElo "2032"]
[BlackElo "1912"]
[Annotator "NA"]
[PlyCount "49"]
[EventDate "2019.12.27"]
[EventType "team-tourn"]
[EventRounds "7"]
[EventCountry "GER"]
[SourceTitle "playchess.com"]
[Source "ChessBase"]
[SourceQuality "1"]
[WhiteTeam "SF Brackel"]
[BlackTeam "SK Lehrte 1919"]
[TimeControl "40/5400+30:1800+30"]

1. e4 c6 2. d4 d5 3. Nc3 dxe4 4. Nxe4 Bf5 5. Nc5 e5 6. Nxb7 Qxd4 7. Qxd4 exd4 8. Bd3 Bxd3 9. cxd3 a5 10. Bd2 Na6 11. Nf3 Nb4 12. Ke2 Ra7 13. Nxa5 Rxa5 14. a3 Nc2 15. Bxa5 Nxa1 16. Rxa1 h5 17. Nxd4 Rh6 18. Bd2 Rg6 19. g3 Nh6 20. Rc1 Kd7 21. b4 Ng4 22. h3 Nh6 23. a4 {[%emt 0:01:52] normal} Rd6 24. Be3 {[%emt 0:01:27] normal} g6 {[%emt 0:02:36] normal} 25. a5 {[%emt 0:00:23] normal} 1-0

[Event "DVM U20 2019"]
[Site "Braunschweig"]
[Date "2019.12.28"]
[Round "4"]
[White "Keller, Yannik"]
[Black "Wiegersma, Justus"]
[Result "1-0"]
[ECO "B76"]
[WhiteElo "2020"]
[BlackElo "1975"]
[Annotator "NA"]
[PlyCount "62"]
[EventDate "2019.12.27"]
[EventType "team-tourn"]
[EventRounds "7"]
[EventCountry "GER"]
[SourceTitle "playchess.com"]
[Source "ChessBase"]
[SourceQuality "1"]
[WhiteTeam "Sges Bensheim"]
[BlackTeam "SK Turm Kleve"]
[TimeControl "40/5400+30:1800+30"]

1. e4 c5 2. Nf3 d6 3. d4 cxd4 4. Nxd4 Nf6 5. Nc3 g6 6. f3 Bg7 7. Be3 O-O 8. Bc4 Nc6 9. Bb3 Bd7 10. h4 Nxd4 11. Bxd4 b5 12. h5 a5 13. hxg6 hxg6 14. a4 b4 15. Nd5 Nxd5 16. Bxd5 Rc8 17. Qd2 e5 18. Be3 Re8 19. b3 Be6 20. Bxe6 Rxe6 21. O-O-O Qc7 22. Qf2 Qc3 23. Kb1 Bf6 24. Rd3 Qc6 25. g4 Re7 26. g5 Bg7 27. Rd5 Qa6 28. Rhd1 Rc6 29. Rb5 Rec7 30. Rd2 Rc8 31. Qe2 {[%emt 0:06:30] normal} R8c7 {[%emt 0:03:32] normal} 1-0

[Event "DVM U20 2019"]
[Site "Braunschweig"]
[Date "2019.12.28"]
[Round "4"]
[White "Wu, Leon"]
[Black "Freiherr von Hauff, Christopher"]
[Result "1-0"]
[ECO "C95"]
[WhiteElo "2019"]
[BlackElo "1868"]
[Annotator "NA"]
[PlyCount "200"]
[EventDate "2019.12.27"]
[EventType "team-tourn"]
[EventRounds "7"]
[EventCountry "GER"]
[SourceTitle "playchess.com"]
[Source "ChessBase"]
[SourceQuality "1"]
[WhiteTeam "OSG Baden-Baden"]
[BlackTeam "SK Bebenhausen"]
[TimeControl "40/5400+30:1800+30"]

1. e4 e5 2. Nf3 Nc6 3. Bb5 a6 4. Ba4 Nf6 5. O-O Be7 6. Re1 b5 7. Bb3 d6 8. c3 O-O 9. h3 Nb8 10. d4 Nbd7 11. Nbd2 Bb7 12. Bc2 Re8 13. Nf1 Bf8 14. Ng3 g6 15. a4 Bg7 16. d5 h6 17. Be3 Kh7 18. a5 Qe7 19. b4 Rac8 20. Qd2 c6 21. dxc6 Rxc6 22. Rac1 Rec8 23. Bb1 d5 24. exd5 Rd6 25. Qe2 Bxd5 26. Red1 Bc4 27. Qe1 Rxd1 28. Rxd1 Bb3 29. Rc1 Ne8 30. Ne4 Bd5 31. Qd2 Bxe4 32. Bxe4 Nd6 33. Bd5 Nf6 34. Bc5 Rd8 35. Re1 Nh5 36. Bc6 Qf6 37. Bb6 Rc8 38. Bd7 Nc4 39. Qd5 Nxb6 40. axb6 Rd8 41. b7 e4 42. Qxe4 Qxc3 43. Bc8 Rxc8 44. bxc8=Q Qxc8 45. Ne5 Qe6 46. f4 Qb6+ 47. Kh2 Qf2 48. Nd3 Qg3+ 49. Kg1 Nf6 50. Qe2 Nh5 51. Qf3 Qh4 52. Kh2 Qd8 53. g4 Nf6 54. f5 Qc7+ 55. Kg2 g5 56. Rc1 Qd7 57. Rc6 Nd5 58. Rxa6 Nxb4 59. Nxb4 Qd2+ 60. Qf2 Qxb4 61. f6 Qe4+ 62. Kg1 Qb1+ 63. Kh2 Bf8 64. Qf5+ Qxf5 65. gxf5 Bc5 66. Ra5 Bd4 67. Rxb5 Bxf6 68. Rb7 Kg7 69. Kg3 h5 70. Ra7 Bd4 71. Ra4 Be5+ 72. Kf3 f6 73. Rb4 Kh6 74. Rc4 Kg7 75. Rc8 Kh7 76. Rc4 Kg7 77. Re4 Kf7 78. Rb4 Kg7 79. Rb1 Kh7 80. Rg1 Kg7 81. Ke4 Kf7 82. Kd5 Ke7 83. Rg2 Kd7 84. Rg1 Ke7 85. Rb1 Kd7 86. Rb4 Kc7 87. Rc4+ Kd7 88. Ra4 Bg3 89. Ra8 Bh2 90. Rh8 h4 91. Rh7+ Kc8 92. Re7 Be5 93. Rh7 Bg3 94. Rg7 Bf4 95. Ke6 Be5 96. Ra7 Kb8 97. Ra5 Bd4 98. Rd5 Be5 99. Rxe5 fxe5 100. f6 Ka7 {normal} 1-0

[Event "DVM U20 2019"]
[Site "Braunschweig"]
[Date "2019.12.28"]
[Round "4"]
[White "Seref, Erdogan"]
[Black "Heise, Tobias"]
[Result "1-0"]
[ECO "A15"]
[WhiteElo "2003"]
[BlackElo "1712"]
[Annotator "NA"]
[PlyCount "54"]
[EventDate "2019.12.27"]
[EventType "team-tourn"]
[EventRounds "7"]
[EventCountry "GER"]
[SourceTitle "playchess.com"]
[Source "ChessBase"]
[SourceQuality "1"]
[WhiteTeam "SF Brackel"]
[BlackTeam "SK Lehrte 1919"]
[TimeControl "40/5400+30:1800+30"]

1. c4 Nf6 2. Nf3 e6 3. g3 d5 4. b3 c6 5. Bg2 Nbd7 6. Bb2 b6 7. O-O Ba6 8. Nc3 Rc8 9. cxd5 cxd5 10. Rc1 Bd6 11. Nd4 O-O 12. Ncb5 Bxb5 13. Nxb5 Bb8 14. Rxc8 Qxc8 15. Qa1 a6 16. Rc1 Qb7 17. Nc3 b5 18. Rc2 Ba7 19. Qc1 Bb6 20. e3 Re8 21. Ne2 e5 22. f4 e4 23. Nd4 Kh8 24. Bh3 h6 25. Nf5 Rg8 26. Nd6 Qa7 27. Nxf7+ Kh7 {[%emt 0:00:07] normal} 1-0

[Event "DVM U20 2019"]
[Site "Braunschweig"]
[Date "2019.12.28"]
[Round "4"]
[White "Wagner, Benjamin"]
[Black "Doepper, Anna Berenice"]
[Result "1-0"]
[ECO "C11"]
[WhiteElo "1994"]
[BlackElo "1855"]
[Annotator "NA"]
[PlyCount "67"]
[EventDate "2019.12.27"]
[EventType "team-tourn"]
[EventRounds "7"]
[EventCountry "GER"]
[SourceTitle "playchess.com"]
[Source "ChessBase"]
[SourceQuality "1"]
[WhiteTeam "SG Aufbau Elbe Magdeburg"]
[BlackTeam "SF Essen-Katernberg"]
[TimeControl "40/5400+30:1800+30"]

1. e4 e6 2. d4 d5 3. Nc3 Nf6 4. Bg5 dxe4 5. Nxe4 Be7 6. Bxf6 gxf6 7. Nf3 f5 8. Nc3 Bf6 9. Bc4 a6 10. Qe2 b5 11. Bd3 O-O 12. g4 Nc6 13. Rg1 Kh8 14. O-O-O b4 15. Ne4 Nxd4 16. Nxd4 Qxd4 17. Nxf6 Qxf6 18. Rg3 e5 19. gxf5 Bxf5 20. Qf3 Qh6+ 21. Kb1 Bxd3 22. Qxd3 Rg8 23. Qc4 Rxg3 24. hxg3 Qf6 25. Qxc7 Qxf2 26. Qxe5+ Kg8 27. Qe4 Rf8 28. Rh1 f5 29. Qxb4 Qxg3 30. Qd4 f4 31. Rg1 Rf7 32. c4 Qg6+ 33. Rxg6+ hxg6 34. Qe4 {[%emt 0:01:10] normal} 1-0

[Event "DVM U20 2019"]
[Site "Braunschweig"]
[Date "2019.12.28"]
[Round "4"]
[White "McPherson, Elisha"]
[Black "Schamschurko, Andre"]
[Result "1-0"]
[ECO "B23"]
[WhiteElo "1975"]
[BlackElo "1868"]
[Annotator "NA"]
[PlyCount "98"]
[EventDate "2019.12.27"]
[EventType "team-tourn"]
[EventRounds "7"]
[EventCountry "GER"]
[SourceTitle "playchess.com"]
[Source "ChessBase"]
[SourceQuality "1"]
[WhiteTeam "SF Augsburg"]
[BlackTeam "USV TU Dresden"]
[TimeControl "40/5400+30:1800+30"]

1. e4 c5 2. Nc3 Nc6 3. f4 e6 4. Nf3 d6 5. d4 cxd4 6. Nxd4 a6 7. Be3 Nf6 8. Be2 Be7 9. Bf3 e5 10. Nb3 O-O 11. Qe2 b5 12. O-O-O Bb7 13. Nd5 Rc8 14. Bb6 Qe8 15. Nxf6+ Bxf6 16. Bg4 exf4 17. Bxc8 Qe5 18. c3 Rxc8 19. Kb1 Ne7 20. Rhe1 Bh4 21. Bd4 Qe6 22. Bf2 Bxf2 23. Qxf2 Ng6 24. Qe2 Re8 25. Rd4 Qe7 26. Nd2 f5 27. Qf2 fxe4 28. Nxe4 Kf8 29. Re2 d5 30. Ng3 Qf6 31. Rxe8+ Kxe8 32. Ne2 Qf5+ 33. Kc1 Ne5 34. Rxf4 Nd3+ 35. Kd2 Qxf4+ 36. Qxf4 Nxf4 37. Nxf4 Ke7 38. Ke3 g6 39. Kd4 Kd6 40. Nh3 h6 41. Nf4 g5 42. Nd3 Bc8 43. g3 a5 44. a4 bxa4 45. Nc5 Kc6 46. Nxa4 Ba6 47. Nc5 Bc4 48. Ne6 {[%emt 0:03:04] normal} Kb5 49. Nc7+ {[%emt 0:00:24] normal} Ka4 {[%emt 0:01:14] normal} 1-0

[Event "DVM U20 2019"]
[Site "Braunschweig"]
[Date "2019.12.28"]
[Round "4"]
[White "Wiesner, Alexander"]
[Black "Triantafillidis, Simeon"]
[Result "1-0"]
[ECO "A43"]
[WhiteElo "1960"]
[BlackElo "1931"]
[Annotator "NA"]
[PlyCount "110"]
[EventDate "2019.12.27"]
[EventType "team-tourn"]
[EventRounds "7"]
[EventCountry "GER"]
[SourceTitle "playchess.com"]
[Source "ChessBase"]
[SourceQuality "1"]
[WhiteTeam "Karlsruher SF"]
[BlackTeam "SF HN-Biberach"]
[TimeControl "40/5400+30:1800+30"]

1. d4 c5 2. e3 e6 3. Nf3 Nf6 4. c4 d5 5. Nc3 Nc6 6. Be2 Bd6 7. O-O O-O 8. a3 Ne4 9. Qc2 Nxc3 10. Qxc3 dxc4 11. dxc5 Bxc5 12. Qxc4 Be7 13. Bd2 Bf6 14. Bc3 e5 15. Rfd1 Qe7 16. Qb5 a6 17. Qb6 Be6 18. Nd2 Bd5 19. Nb3 Bxb3 20. Qxb3 Rfd8 21. Qb6 Rxd1+ 22. Rxd1 Rd8 23. Rxd8+ Nxd8 24. Bf3 h6 25. h3 Qd7 26. Bg4 Qc6 27. Qxc6 Nxc6 28. Bc8 Nd8 29. Bb4 g6 30. Kf1 Bg7 31. Be7 Nc6 32. Bd6 Nd8 33. Bc7 Bf6 34. Bd6 Bg7 35. e4 g5 36. Ke2 Bf6 37. Kd3 Ne6 38. Bxe6 fxe6 39. Kc4 Kf7 40. Kc5 Ke8 41. Kb6 Kd7 42. Bf8 Kc8 43. Bxh6 Bd8+ 44. Ka7 Bf6 45. Bf8 Kc7 46. Bb4 Kc6 47. Bc3 Be7 48. Bd2 Bf6 49. Be3 a5 50. a4 Bd8 51. b3 Bf6 52. Bb6 Be7 53. Bxa5 Bc5+ 54. Kb8 Bxf2 {[%emt 0:00:00] normal} 55. Bb4 {[%emt 0:00:00] normal} b6 {normal} 1-0

[Event "DVM U20 2019"]
[Site "Braunschweig"]
[Date "2019.12.28"]
[Round "4"]
[White "Brockmeyer, Tobias"]
[Black "Kracht, Raphael"]
[Result "1-0"]
[ECO "E20"]
[WhiteElo "1902"]
[BlackElo "2031"]
[Annotator "NA"]
[PlyCount "98"]
[EventDate "2019.12.27"]
[EventType "team-tourn"]
[EventRounds "7"]
[EventCountry "GER"]
[SourceTitle "playchess.com"]
[Source "ChessBase"]
[SourceQuality "1"]
[WhiteTeam "SK Lehrte 1919"]
[BlackTeam "SF Brackel"]
[TimeControl "40/5400+30:1800+30"]

1. d4 Nf6 2. c4 e6 3. Nc3 Bb4 4. f3 c5 5. d5 O-O 6. e4 b5 7. Nh3 bxc4 8. Bxc4 Nxd5 9. Bxd5 exd5 10. Qxd5 Ba6 11. Be3 Qa5 12. Rc1 Qb5 13. Qd2 Bxc3 14. Rxc3 d6 15. Kf2 Nc6 16. Nf4 Ne5 17. b3 Rad8 18. Rd1 Rd7 19. Nd5 Qb8 20. Bf4 Qe8 21. Bxe5 Qxe5 22. Qf4 Qxf4 23. Nxf4 Rfd8 24. Rc2 g6 25. h4 Kg7 26. g4 Bb7 27. g5 h6 28. Rcd2 Bc6 29. Ke3 a5 30. Nd5 Bxd5 31. Rxd5 hxg5 32. hxg5 f6 33. gxf6+ Kxf6 34. Kf4 Ke6 35. Kg5 a4 36. f4 axb3 37. axb3 Rb7 38. e5 Rxb3 39. Rxd6+ Rxd6 40. Rxd6+ Ke7 41. Kxg6 c4 42. Rc6 Rg3+ 43. Kf5 c3 44. Ke4 Kd7 45. Rc5 Rh3 46. f5 Rh4+ 47. Kd5 Rf4 48. e6+ {[%emt 0:00:00] normal} Kd8 49. Ke5 Rf3 1-0

[Event "DVM U20 2019"]
[Site "Braunschweig"]
[Date "2019.12.28"]
[Round "4"]
[White "Kaiser, Frederic"]
[Black "Hoenselaar, Dennis"]
[Result "1/2-1/2"]
[ECO "B31"]
[WhiteElo "1901"]
[BlackElo "1769"]
[Annotator "NA"]
[PlyCount "60"]
[EventDate "2019.12.27"]
[EventType "team-tourn"]
[EventRounds "7"]
[EventCountry "GER"]
[SourceTitle "playchess.com"]
[Source "ChessBase"]
[SourceQuality "1"]
[WhiteTeam "Sges Bensheim"]
[BlackTeam "SK Turm Kleve"]
[TimeControl "40/5400+30:1800+30"]

1. e4 c5 2. Nf3 Nc6 3. Bb5 g6 4. Bxc6 dxc6 5. d3 Bg7 6. O-O Nf6 7. Nbd2 O-O 8. h3 Be6 9. Ng5 Qd7 10. Qe2 h6 11. Nxe6 Qxe6 12. a4 a5 13. Nc4 Nd7 14. Bd2 b5 15. axb5 cxb5 16. Nxa5 Bxb2 17. Rab1 Qa2 18. Bxh6 Rxa5 19. Bxf8 Nxf8 20. c4 Be5 21. Qxa2 Rxa2 22. cxb5 Ra7 23. Rfc1 Nd7 24. Rb3 Nb6 25. g3 Nd7 26. Rc2 Kg7 27. Kg2 g5 28. Kf3 Bd4 29. Ke2 Ne5 30. f4 gxf4 {[%emt 0:05:07] normal Kf3} 1/2-1/2

[Event "DVM U20 2019"]
[Site "Braunschweig"]
[Date "2019.12.28"]
[Round "4"]
[White "Waffenschmidt, Lars"]
[Black "Wu, Luka"]
[Result "0-1"]
[ECO "C54"]
[WhiteElo "1885"]
[BlackElo "2073"]
[Annotator "NA"]
[PlyCount "64"]
[EventDate "2019.12.27"]
[EventType "team-tourn"]
[EventRounds "7"]
[EventCountry "GER"]
[SourceTitle "playchess.com"]
[Source "ChessBase"]
[SourceQuality "1"]
[WhiteTeam "SK Bebenhausen"]
[BlackTeam "OSG Baden-Baden"]
[TimeControl "40/5400+30:1800+30"]

1. e4 e5 2. Nf3 Nc6 3. Bc4 Bc5 4. c3 Nf6 5. d4 exd4 6. cxd4 Bb4+ 7. Kf1 d5 8. exd5 Nxd5 9. Nc3 Be6 10. Qd3 Qd7 11. Bb5 O-O 12. Be3 a6 13. Ba4 Nb6 14. Bb3 Bf5 15. Qe2 Rae8 16. h3 Na5 17. Bc2 Nac4 18. Bb3 Na5 19. Bc2 Nbc4 20. Re1 b5 21. Kg1 c5 22. Kh2 Nc6 23. d5 Bxc3 24. bxc3 Qxd5 25. Rd1 Qe6 26. Rhe1 Nxe3 27. fxe3 Bxc2 28. Qxc2 h6 29. e4 Rd8 30. Qf2 Qc4 31. Qe3 {[%emt 0:01:09] normal} Rfe8 32. Rxd8 Rxd8 {[%emt 0:00:11] normal} 0-1

[Event "DVM U20 2019"]
[Site "Braunschweig"]
[Date "2019.12.28"]
[Round "4"]
[White "Fuhrmann, Aeke"]
[Black "Gabler, Eric"]
[Result "1/2-1/2"]
[ECO "A20"]
[WhiteElo "1879"]
[BlackElo "2064"]
[Annotator "NA"]
[PlyCount "41"]
[EventDate "2019.12.27"]
[EventType "team-tourn"]
[EventRounds "7"]
[EventCountry "GER"]
[SourceTitle "playchess.com"]
[Source "ChessBase"]
[SourceQuality "1"]
[WhiteTeam "Hamburger SK"]
[BlackTeam "SC Bavaria Regensburg"]
[TimeControl "40/5400+30:1800+30"]

1. c4 e5 2. g3 Nf6 3. Bg2 Nc6 4. Nc3 g6 5. d3 Bg7 6. e4 O-O 7. Nge2 d6 8. O-O Ne8 9. Nd5 Be6 10. h3 Qd7 11. Kh2 f5 12. Be3 Nd8 13. Rb1 c6 14. Ndc3 Nc7 15. f4 Nf7 16. b3 {[%emt 0:09:30] normal} d5 {[%emt 0:15:41] normal} 17. cxd5 cxd5 {[%emt 0:00:07] normal} 18. fxe5 {[%emt 0:01:12] normal} dxe4 19. dxe4 {[%emt 0:00:22] normal} Bxe5 {[%emt 0:02:38] normal} 20. Qxd7 Bxd7 21. exf5 {[%emt 0:00:51] normal} 1/2-1/2

[Event "DVM U20 2019"]
[Site "Braunschweig"]
[Date "2019.12.28"]
[Round "4"]
[White "Liess, Alexander"]
[Black "Foo, Tzun Hong"]
[Result "1-0"]
[ECO "E16"]
[WhiteElo "1852"]
[BlackElo "1829"]
[Annotator "NA"]
[PlyCount "97"]
[EventDate "2019.12.27"]
[EventType "team-tourn"]
[EventRounds "7"]
[EventCountry "GER"]
[SourceTitle "playchess.com"]
[Source "ChessBase"]
[SourceQuality "1"]
[WhiteTeam "SC Bavaria Regensburg"]
[BlackTeam "Hamburger SK"]
[TimeControl "40/5400+30:1800+30"]

1. d4 Nf6 2. c4 e6 3. Nf3 b6 4. g3 Bb7 5. Bg2 Bb4+ 6. Bd2 Be7 7. O-O O-O 8. Nc3 d5 9. Ne5 c6 10. Bf4 Nbd7 11. Re1 Nxe5 12. dxe5 Nd7 13. cxd5 cxd5 14. e4 f6 15. exd5 fxe5 16. Bxe5 Nxe5 17. Rxe5 Bc5 18. Ne4 Bxf2+ 19. Nxf2 Rxf2 20. Qd4 Rf6 21. Rae1 exd5 22. Rxd5 Qf8 23. Rd7 Bxg2 24. Kxg2 Rc8 25. Re2 a5 26. Qd3 Rfc6 27. Ree7 Rg6 28. h4 Kh8 29. h5 Rgc6 30. Rf7 Rc2+ 31. Kh3 Qe8 32. Qd4 Qe6+ 33. g4 Rg8 34. Rxg7 Rh2+ 35. Kxh2 Qe2+ 36. Kg3 Qe1+ 37. Kf4 Qf1+ 38. Kg5 Qc1+ 39. Kf5 Qf1+ 40. Ke6 Qe2+ 41. Kd5 Qg2+ 42. Kc4 Qe2+ 43. Kb3 Qf3+ 44. Qc3 a4+ 45. Ka3 Qxc3+ 46. bxc3 Rxg7 47. Rd8+ Rg8 48. Rxg8+ Kxg8 49. g5 {[%emt 0:00:16] normal} 1-0

[Event "DVM U20 2019"]
[Site "Braunschweig"]
[Date "2019.12.28"]
[Round "4"]
[White "Düro, Liam"]
[Black "Tiedemann, Fin Niklas"]
[Result "1/2-1/2"]
[ECO "E91"]
[WhiteElo "1841"]
[BlackElo "1936"]
[Annotator "NA"]
[PlyCount "57"]
[EventDate "2019.12.27"]
[EventType "team-tourn"]
[EventRounds "7"]
[EventCountry "GER"]
[SourceTitle "playchess.com"]
[Source "ChessBase"]
[SourceQuality "1"]
[WhiteTeam "SG Trier"]
[BlackTeam "Lübecker SV"]
[TimeControl "40/5400+30:1800+30"]

1. d4 Nf6 2. Nf3 g6 3. c4 Bg7 4. Nc3 O-O 5. e4 d6 6. Be2 Nbd7 7. O-O e5 8. dxe5 dxe5 9. b4 c6 10. Bb2 Qc7 11. Qc2 Re8 12. Rfd1 Nf8 13. h3 Nh5 14. c5 Nf4 15. Bc4 Be6 16. Ne2 Nxe2+ 17. Qxe2 Bxc4 18. Qxc4 Rad8 19. Qb3 Ne6 20. Nd2 Nd4 21. Bxd4 exd4 22. Qd3 Qf4 23. Re1 Be5 24. g3 Qh6 25. f4 Bc7 26. Kh2 g5 27. fxg5 Qxg5 28. Rf1 Re6 29. Qf3 {[%emt 0:07:27] normal} 1/2-1/2